[Event "Late-Titled-Tuesday-Blitz-February-20-2024"]
[Site "Chess.com"]
[Date "2024.02.20"]
[Round "7"]
[White "OverallStranger"]
[Black "Zq1"]
[Result "0-1"]
[WhiteElo "2353"]
[BlackElo "2494"]
[TimeControl "180+1"]
[EndTime "15:18:07 PST"]
[Termination "Zq1 won by checkmate"]

1. d4 Nf6 2. c4 a6 3. Nc3 c5 4.
Nf3 cxd4 5. Nxd4 d5 6. cxd5 Nxd5 7. Nxd5 Qxd5 8. e3 e5 9. Nf3 Qxd1+ 10. Kxd1 f6 11.
Bc4 Nc6 12. a3 Bf5 13. Ke2 O-O-O 14. b4 b5 15. Ba2 Bd3+ 16. Ke1 e4 17. Nd2 Bd6 18. Bb1 Be5 19. Bxd3 Bxa1 20. Bxe4 Ne5 21. Ke2 g6 22. Nb3 Bc3 23. Nc5 f5 24. Bb7+ Kc7 25.
Bxa6 Kb6 26. a4 Bxb4 27. Bxb5 Bxc5 28. Bb2 Bd6 29. Rd1 Bb8 30. Rc1 Rc8 31. Rb1 Rhd8 32. Bd4+ Ka5 33. h3 Rc2+ 34. Ke1 Bd6 35. Bb6+ Kxb6 36.
Bd3+ Ka5 37. Bxc2 Bb4+ 38. Ke2 Rd2+ 39. Kf1 Rxc2 40. Rd1 Rd2 41. Rc1 Rxf2+ 42. Kg1 Re2 43. Rc7 Kxa4 44. Rxh7 Rxe3 45. h4 Re1+ 46. Kf2 Ng4+ 47.
Kf3 Bd6 48. Ra7+ Kb5 49. Rb7+ Kc6 50. Rb3 Bc5 51. Kf4 Be3+ 52. Kf3 Bh6 53. Rc3+ Kd5 54.
h5 gxh5 55. Kg3 Re3+ 56. Rxe3 Nxe3 57. Kh4 Nxg2+ 58. Kxh5 Bg7 59. Kg5 f4 60. Kg4 Ke4 61.
Kh3 f3 62. Kg3 Be5+ 63. Kf2 Bd4+ 64. Kf1 Ne3+ 65. Ke1 Ng4 66. Kf1 Nh2+ 67. Ke1 f2+ 68. Kd2 f1=Q 69. Kc2 Qc4+ 70. Kb1 Qe2 71. Kc1 Kd3 72.
Kb1 Qc2# 0-1

[Event "Late-Titled-Tuesday-Blitz-February-20-2024"]
[Site "Chess.com"]
[Date "2024.02.20"]
[Round "7"]
[White "jefferyx"]
[Black "FairChess_on_YouTube"]
[Result "1-0"]
[WhiteElo "3043"]
[BlackElo "3058"]
[TimeControl "180+1"]
[EndTime "15:18:08 PST"]
[Termination "jefferyx won by resignation"]

1. d4 Nf6 2. Nf3 e6 3. c4 b6 4. g3 Bb7 5. Bg2 Be7 6. O-O O-O 7. b3 c5 8. Bb2 cxd4 9. Qxd4 Nc6 10. Qf4 Qb8 11. Qxb8 Raxb8 12. Nc3 Rfd8 13. Rfd1 a6 14. Rd2 d6 15. Rad1 Kf8 16. Ba3 Ne8 17. Ne1 Na5 18.
Bxb7 Nxb7 19. Nd3 Rbc8 20. Bb2 Bf6 21. Na4 b5 22. Bxf6 Nxf6 23. Nab2 bxc4 24. Nxc4 d5 25. Nb6 Rc6 26. Na4 Ne4 27. Rb2 Rdc8 28. f3 Nc3 29. Nxc3 Rxc3 30. Kf2 Ke7 31. Ke3 Nd6 32. Kd2 d4 33.
Rc1 Nb5 34. Rbc2 Na3 35. Rxc3 dxc3+ 36. Ke3 Kd6 37. Nb4 a5 38. Nc2 Nb5 39. Nd4 Na3 40. Nc2 Nb5 41. Nd4 Na3 42. Kd3 e5 43. Nf5+ Ke6 44. Nxg7+ Kf6 45. Nh5+ Kg5 46. g4 c2 47. Ng3 Kh4 48. Ne4 Kh3 49. Ng5+ Kg2 50. Nxf7 Kf2 51. Nxe5 Rd8+ 52. Kc3 Kxe2 53. Nc4 Rd1 54.
Kb2 Rxc1 55. Kxc1 Nb1 56. f4 Nc3 57. Kxc2 Nxa2 58. f5 Nb4+ 59. Kc3 Nd5+ 60. Kd4 Nf6 61. g5 Ng4 62. f6 Nxh2 63. f7 Nf3+ 64. Kd5 Nxg5 65.
f8=Q 1-0

[Event "Late-Titled-Tuesday-Blitz-February-20-2024"]
[Site "Chess.com"]
[Date "2024.02.20"]
[Round "7"]
[White "Hrant_ChessMood"]
[Black "jcibarra"]
[Result "0-1"]
[WhiteElo "3001"]
[BlackElo "2937"]
[TimeControl "180+1"]
[EndTime "15:18:08 PST"]
[Termination "jcibarra won on time"]

1. Nf3 Nf6 2. c4 d6 3. Nc3 e5 4. d4 e4 5. Ng5 Qe7 6. h4 h6 7. Nh3 c6 8. Nf4 g6 9. e3 h5 10. b4 Bh6 11. b5 O-O 12. Be2 Bf5 13. a4 Nbd7 14. Ba3 c5 15. Ncd5 Nxd5 16. Nxd5 Qd8 17. dxc5 dxc5 18. Bb2 Re8 19. Bxh5 Ne5 20. Be2 Bg7 21.
Kf1 Be6 22. h5 Nxc4 23. Bxg7 Qxd5 24. Qxd5 Bxd5 25. Bc3 g5 26. Bg4 Be6 27. Bxe6 Rxe6 28. Rd1 Rd6 29. Rxd6 Nxd6 30. Ke2 a6 31. Rd1 Nc4 32. Rd5 axb5 33. Rxg5+ Kh7 34. Rxc5 Rxa4 35. Rxb5 Ra2+ 36. Ke1 Rc2 37. Rb3 Rc1+ 38. Ke2 Rc2+ 39. Kd1 Rxf2 40. Bd4 Rxg2 41. Rxb7 Rf2 42. Rb8 f6 43. Rf8 Kg7 44. Re8 Nd6 45. Re6 Nf5 46. Bxf6+ Kf7 47. Ra6 Nxe3+ 48. Ke1 Rxf6 49. Ra4 Ng2+ 50. Ke2 e3 51. h6 Rf2+ 52. Kd3 Rd2+ 53. Kc3 Kg6 54. Ra7 Kxh6 55. Re7 Rf2 56. Kd3 Kg5 57. Re8 Kf4 58. Re7 Kf3 59. Rf7+ Nf4+ 60. Kc3 e2 61. Re7 Rf1 0-1

[Event "Late-Titled-Tuesday-Blitz-February-20-2024"]
[Site "Chess.com"]
[Date "2024.02.20"]
[Round "7"]
[White "JackRodgers"]
[Black "maroro07"]
[Result "1/2-1/2"]
[WhiteElo "2549"]
[BlackElo "2414"]
[TimeControl "180+1"]
[EndTime "15:18:10 PST"]
[Termination "Game drawn - insufficient material"]

1. d4 e6 2. c4 d5 3. Nc3 c6 4. e4 dxe4 5. Nxe4 Be7 6. Nf3 Nf6 7. Bd3 O-O 8. O-O Nbd7 9. Bg5 Nxe4 10. Bxe7 Qxe7 11.
Bxe4 Nf6 12. Bc2 b6 13. Qe2 Bb7 14. Rfd1 Rfd8 15. Rd2 Qc7 16. Rad1 c5 17. b3 cxd4 18. Nxd4 Rd7 19. Nb5 Qc6 20. f3 Rad8 21. Rxd7 Rxd7 22. Rxd7 Qxd7 23. Qd3 Qxd3 24. Bxd3 a5 25. Kf2 Kf8 26. Ke3 Ke7 27. Kd4 Bc6 28. Nc3 Kd6 29. a3 e5+ 30. Ke3 g6 31. b4 axb4 32. axb4 Nd7 33. Be4 f5 34. Bxc6 Kxc6 35. f4 exf4+ 36. Kxf4 h6 37.
h4 Kd6 38. Nb5+ Ke6 39. Nd4+ Kf6 40. Nc6 g5+ 41. Ke3 gxh4 42. Kf4 Ke6 43. Nd4+ Kf6 44. Nxf5 Ne5 45. Nxh4 Nxc4 46. Ke4 Ke6 47. Kd4 Nd6 48. g4 Kd7 49. Kd5 Nb5 50. Nf5 Nc3+ 51. Kc4 Ne4 52. Nxh6 Kc6 53. b5+ Kd6 54. Kd4 Nf6 55. g5 Nd7 56. g6 Nc5 57. g7 Ne6+ 58. Kc4 Nxg7 59.
Nf7+ Kc7 60. Ng5 Ne8 61. Ne4 Nd6+ 62. Kd5 Nxb5 63. Nd2 Kb7 64. Nc4 Ka6 65. Nxb6 1/2-1/2

[Event "Late-Titled-Tuesday-Blitz-February-20-2024"]
[Site "Chess.com"]
[Date "2024.02.20"]
[Round "7"]
[White "VinzentSpitzl"]
[Black "Kopytkin"]
[Result "0-1"]
[WhiteElo "2531"]
[BlackElo "2418"]
[TimeControl "180+1"]
[EndTime "15:18:12 PST"]
[Termination "Kopytkin won by resignation"]

1. e4 Nf6 2. e5 Nd5 3. d4 d6 4. Nf3 g6 5. Be2 Bg7 6. O-O O-O 7. c4 Nb6 8. exd6 cxd6 9. Nc3 Bg4 10. b3 Nc6 11. Be3 d5 12. c5 Nc8 13. b4 a6 14. h3 Bxf3 15. Bxf3 e6 16. b5 axb5 17.
Nxb5 N8e7 18. Qd2 Nf5 19. Rab1 Nxe3 20. fxe3 Bh6 21. Qf2 b6 22. cxb6 Qxb6 23. Bg4 Na5 24. Kh1 Nc4 25. Rfe1 Qd8 26. Rb3 Bg5 27.
a3 Rb8 28. a4 Ra8 29. Be2 Rxa4 30. Bxc4 Rxc4 31. Ra3 Bh4 32. g3 Bg5 33. h4 Bh6 34.
Nc3 Qc7 35. Ne2 Rc2 36. Qf3 Rb8 37. Rea1 Rcb2 38. Nf4 Bxf4 39. Qxf4 Qxf4 40. gxf4 Kg7 41. R3a2 Kf6 42. Ra7 Re2 43. Rc7 Rbb2 44. Kg1 h5 45. Kf1 Rh2 46. Kg1 Rbg2+ 47. Kf1 Rc2 48. Kg1 Rhg2+ 49. Kf1 Rgf2+ 50. Kg1 Rfe2 51. Rxc2 Rxc2 52.
Ra3 Kf5 53. Ra7 f6 54. Rf7 Re2 55. Kf1 Rxe3 56. Kf2 Re4 57. Kf3 Rxf4+ 58. Ke3 Re4+ 0-1

[Event "Late-Titled-Tuesday-Blitz-February-20-2024"]
[Site "Chess.com"]
[Date "2024.02.20"]
[Round "7"]
[White "Njal28"]
[Black "Mr_Heisenberg13"]
[Result "1/2-1/2"]
[WhiteElo "2992"]
[BlackElo "2861"]
[TimeControl "180+1"]
[EndTime "15:18:17 PST"]
[Termination "Game drawn by repetition"]

1. d4 Nf6 2. c4 e6 3. Nc3 Bb4 4. e3 O-O 5. a3 Bxc3+ 6. bxc3 d5 7. cxd5 exd5 8. Bd3 b6 9. Ne2 Ba6 10. O-O Bxd3 11.
Qxd3 c5 12. f3 Nc6 13. Ng3 Re8 14. Bb2 h5 15. e4 h4 16. Nf5 dxe4 17. fxe4 Rxe4 18. Nxg7 Kxg7 19. Rxf6 Qxf6 20. Qxe4 h3 21. dxc5 Qg6 22. c4+ Kg8 23. Qxg6+ fxg6 24. cxb6 axb6 25. gxh3 Na5 26. Rc1 Rc8 27. c5 Nb3 28. cxb6 Nxc1 29. Be5 Ne2+ 30. Kf1 Rc1+ 31. Kxe2 Rb1 32. Bc7 Kf7 33.
a4 Ke6 34. a5 Kd7 35. a6 Kc8 36. Kf3 Ra1 37. a7 Kb7 38. Kg4 Ra5 39. h4 Rh5 40. Bd8 Ka8 41. Bg5 Kb7 42. Kg3 Rh8 43. Be3 Rh5 44. Kg4 Rf5 45. Bg5 Rb5 46. Bd8 Rf5 47. Bc7 Rb5 48. h3 Rf5 49. Bd8 Rb5 50. Kf3 Rf5+ 51. Kg3 Rb5 52. Kg4 Rf5 53. Bg5 Rb5 54.
h5 Rb4+ 55. Kg3 gxh5 56. Bd8 Rc4 57. Bc7 Rb4 58. Kf3 Rc4 59. Kg2 Rb4 60. Kg3 Rc4 61.
Kg2 Rb4 62. Kf2 Rc4 63. Kg1 Rc3 64. Kg2 Rd3 65. h4 Rc3 66. Kh2 Rd3 67. Kg2 Ra3 68.
Bd8 Rb3 69. Bc7 Ra3 70. Kh2 Rb3 71. Kg2 Ra3 1/2-1/2

[Event "Late-Titled-Tuesday-Blitz-February-20-2024"]
[Site "Chess.com"]
[Date "2024.02.20"]
[Round "7"]
[White "elchacal664"]
[Black "zajka-molotok"]
[Result "0-1"]
[WhiteElo "2373"]
[BlackElo "2522"]
[TimeControl "180+1"]
[EndTime "15:18:20 PST"]
[Termination "zajka-molotok won by checkmate"]

1. c4 e5 2. Nf3 e4 3. Nd4 Nc6 4. Nxc6 dxc6 5. Nc3 Bf5 6. Qb3 Rb8 7. Qc2 Nf6 8. f3 Qe7 9. f4 Qe6 10. e3 Bc5 11. a3 a5 12. Be2 h5 13. Rb1 O-O 14. b4 axb4 15. axb4 Be7 16. O-O Rfe8 17. c5 Rbd8 18. Qb3 Qxb3 19. Rxb3 Bg4 20. Ra3 Bxe2 21.
Nxe2 Nd5 22. Rb3 Bf6 23. b5 cxb5 24. Rxb5 b6 25. cxb6 cxb6 26. Bb2 Nc7 27. Rxb6 Rxd2 28. Bxf6 Rxe2 29. Bd4 Ne6 30. Rf2 Nxd4 31. exd4 Re3 32. Rb5 g6 33. Re5 Rd8 34. d5 f6 35. Re6 Kf7 36. f5 Re1+ 37. Rf1 Rxf1+ 38. Kxf1 gxf5 39. Ra6 Rxd5 40. Kf2 Rd2+ 41. Kg3 Kg6 42. Ra8 f4+ 43. Kxf4 Kf7 44. Kg3 Ke6 45. Rh8 f5 46. Rxh5 Ke5 47. Rh8 Rd3+ 48. Kf2 Kf4 49. Rh4+ Kg5 50. Rh8 Rd2+ 51.
Kf1 Kf4 52. Rh4+ Ke3 53. Rh3+ Kd4 54. Ra3 f4 55. h4 e3 56. Ra4+ Ke5 57. Ra5+ Ke4 58.
Ra4+ Kf5 59. h5 Rd1+ 60. Ke2 Rh1 61. Kf3 Rf1+ 62. Ke2 Rf2+ 63. Ke1 Rxg2 64. h6 Rh2 65. Ra6 f3 66. Kd1 Rh1+ 67. Kc2 f2 68. Ra5+ Kf4 69. Rh5 Rxh5 70. h7 Rxh7 71. Kb3 Rc7 72. Ka3 Kf3 73. Ka4 f1=Q 74. Ka5 Qb1 75. Ka6 Rc8 76. Ka7 Rb8 77. Ka6 Ra8# 0-1

[Event "Late-Titled-Tuesday-Blitz-February-20-2024"]
[Site "Chess.com"]
[Date "2024.02.20"]
[Round "7"]
[White "vi_pranav"]
[Black "stollenmonster"]
[Result "1-0"]
[WhiteElo "3015"]
[BlackElo "2861"]
[TimeControl "180+1"]
[EndTime "15:18:22 PST"]
[Termination "vi_pranav won by resignation"]

1. e4 c5 2. Nf3 Nf6 3. Nc3 d5 4. e5 Ne4 5. Bb5+ Nc6 6. O-O Bg4 7. Re1 Nxc3 8. bxc3 e6 9. h3 Bh5 10. a4 Be7 11. Qe2 O-O 12. Bxc6 bxc6 13. d3 Qa5 14.
Bd2 Rab8 15. g4 Bg6 16. h4 h5 17. Ng5 Rb2 18. gxh5 Bf5 19. Rec1 c4 20. d4 c5 21. Kh1 f6 22. exf6 Rxf6 23. dxc5 Qxc5 24. Be3 Qc7 25. Bd4 Qf4 26. Qe3 Qxh4+ 27. Kg2 Rg6 28. hxg6 Bxg5 29. Qg3 Qxg3+ 30. Kxg3 Bxc1 31. Rxc1 Bxc2 32. a5 a6 33. Re1 Bf5 34. Kf4 Rb5 35. Kg5 Rb1 36. Rxb1 Bxb1 37. Be5 Bf5 38. Bd4 Be4 39. Be5 Bf5 40. f3 Bd3 41. Bd4 Bf5 42. Be5 Bd3 43. Bd4 Bf5 44.
Kf4 Bd3 45. Ke5 Bf5 46. Kd6 Kf8 47. Kc6 Bxg6 48. Kb6 Ke7 49. Kxa6 Kd6 50. Kb6 Be8 51. Bc5+ Ke5 52. a6 d4 53. a7 dxc3 54. a8=Q c2 55.
Qa1+ Kd5 56. Qc1 Bg6 57. Qd2+ Bd3 58. Bb4 e5 59. Bc3 Ke6 60. Qe3 e4 61. fxe4 g6 62.
Qg5 Bxe4 63. Kc5 Bf5 64. Qe3+ Kf7 65. Kd6 g5 66. Qxg5 1-0

[Event "Late-Titled-Tuesday-Blitz-February-20-2024"]
[Site "Chess.com"]
[Date "2024.02.20"]
[Round "7"]
[White "GothamChess"]
[Black "Muracle"]
[Result "1/2-1/2"]
[WhiteElo "2680"]
[BlackElo "2482"]
[TimeControl "180+1"]
[EndTime "15:18:22 PST"]
[Termination "Game drawn - insufficient material"]

1. Nc3 d5 2. e4 d4 3. Nce2 c5 4. c3 Nc6 5. Nf3 e5 6. Qa4 Bd7 7. Qb3 Qb6 8. Ng3 Be6 9. Bc4 Qxb3 10. axb3 Bxc4 11. bxc4 f6 12. d3 g6 13. h4 h5 14.
cxd4 cxd4 15. Ke2 Bb4 16. Bd2 Kd7 17. Ra4 Bxd2 18. Nxd2 Nh6 19. b4 a6 20. Rha1 Nf7 21. b5 Ncd8 22. bxa6 Ne6 23. Nb3 Nd6 24. Kd2 Kc7 25. Ne2 Ra7 26. axb7 Rxb7 27. Ra7 Rb8 28. g3 Kc8 29. Rxb7 Rxb7 30. Kc2 Nxe4 31. dxe4 d3+ 32. Kxd3 Rxb3+ 33. Kc2 Rf3 34. Ra8+ Kd7 35. Rg8 Rxf2 36. Kd1 g5 37. hxg5 Nxg5 38. Nc3 Rf3 39. Nd5 Nxe4 40. Ke2 Rxg3 41. Rxg3 Nxg3+ 42. Kf3 f5 43. Kxg3 Kd6 44. Nf6 e4 45. Nd5 Kc5 46. Ne3 h4+ 47. Kf4 h3 48. Nxf5 h2 49. Ng3 Kd4 50.
c5 Kxc5 51. Kxe4 Kc4 52. Kf3 Kc3 53. Kg2 Kb3 54. Kh1 Kb4 55. Nh5 Kc4 56. Ng7 Kc5 57.
Nf5 Kb5 58. Ng3 Kb6 59. Nf1 Ka6 60. Ne3 Ka5 61. Nd1 Kb5 62. Nc3+ Ka5 63. Ne2 Kb5 64. Nf4 Kc4 65. Ne6 Kd3 66. Ng7 Ke4 67. Ne8 Kf4 68. Nf6 Kg3 69. Nh7 Kf3 70. Nf8 Kf4 71. Ng6+ Kf5 72. Ne7+ Kf6 73. Nd5+ Ke6 74. Nc7+ Ke5 75. Nb5 Ke4 76. Na7 Kd4 77. Nc6+ Kc4 78. Nb8 Kd5 79.
Na6 Ke6 80. Nc5+ Ke5 81. Na4 Ke4 82. Nc3+ Ke3 83. Nb1 Ke2 84. Na3 Kd2 85. Nc4+ Kd3 86. Nb6 Kd4 87. Nd7 Kd5 88. Nc5 Ke5 89. Ne6 Kxe6 90.
Kg2 Kf5 91. Kh1 Ke5 92. Kg2 Ke4 93. Kh1 Kd4 94. Kg2 Kd3 95. Kh1 Ke3 96. Kg2 Kf4 97. Kh1 Kg4 98. Kg2 Kh4 99. Kh1 Kg4 100. Kg2 Kf4 101.
Kh1 Kg5 102. Kg2 Kh5 103. Kh1 Kh6 104. Kg2 Kh7 105. Kh1 Kh8 106. Kg2 Kg7 107. Kh1 Kf6 108. Kg2 Ke5 109. Kh1 Kd4 110. Kg2 Kc3 111. Kh1 Kd3 112. Kg2 Kd2 113. Kh1 Ke2 114. Kg2 Ke3 115. Kh1 Kf3 116. Kxh2 1/2-1/2

[Event "Late-Titled-Tuesday-Blitz-February-20-2024"]
[Site "Chess.com"]
[Date "2024.02.20"]
[Round "7"]
[White "boguszp"]
[Black "PawnEatingZombie"]
[Result "0-1"]
[WhiteElo "1997"]
[BlackElo "2212"]
[TimeControl "180+1"]
[EndTime "15:18:23 PST"]
[Termination "PawnEatingZombie won by checkmate"]

1. d4 Nf6 2. Bf4 g6 3. Nc3 Bg7 4. e4 d6 5. Qd2 O-O 6. Bh6 c5 7. d5 b5 8. Bxb5 Bxh6 9. Qxh6 Qa5 10. Bd3 Ba6 11. Bxa6 Nxa6 12. f3 Nb4 13. Qd2 Rab8 14. a3 Na6 15. Nge2 Rxb2 16. O-O Rfb8 17. a4 Nc7 18. Rfd1 Qb4 19. Nc1 Qd4+ 20. Qxd4 cxd4 21. Rxd4 Rxc2 22. N1e2 Rbb2 23. Kf1 Na6 24. Rc4 Nc5 25. a5 a6 26. Ke1 Nfd7 27. Kf1 Ne5 28. Rd4 Ned3 29.
Rd1 Ne5 30. h3 g5 31. Ke1 h5 32. R4d2 h4 33. Rxc2 Rxc2 34. Rd2 Rxd2 35. Kxd2 Nc4+ 36.
Ke1 Nxa5 37. Nd4 Nc4 38. Nc6 Kf8 39. Na2 Ne3 40. Kf2 Nc2 41. Nc3 f6 42. Nd4 Nxd4 43.
Ke3 Nb5 44. Na2 a5 45. Kf2 Ke8 46. g3 hxg3+ 47. Kxg3 Kd7 48. f4 Nxe4+ 49. Kf3 Nec3 50. Nxc3 Nxc3 51. fxg5 fxg5 52. Kg4 a4 53. Kxg5 a3 54. h4 a2 55. h5 a1=Q 56. h6 Ne4+ 57. Kg6 Qh8 58.
h7 Nf6 59. Kh6 Qxh7+ 60. Kg5 Qh5+ 61. Kf4 Qg4+ 62. Ke3 Qe4+ 63. Kd2 Qxd5+ 64. Kc3 Qe4 65. Kd2 Qf3 66. Kc2 Qe3 67. Kb2 Qd3 68. Ka1 Qd2 69. Kb1 e5 70. Ka1 e4 71. Kb1 e3 72. Ka1 e2 73.
Kb1 e1=R# 0-1

[Event "Late-Titled-Tuesday-Blitz-February-20-2024"]
[Site "Chess.com"]
[Date "2024.02.20"]
[Round "7"]
[White "JonSnowNW1"]
[Black "rickywsb"]
[Result "1-0"]
[WhiteElo "2510"]
[BlackElo "2343"]
[TimeControl "180+1"]
[EndTime "15:18:25 PST"]
[Termination "JonSnowNW1 won by resignation"]

1. e4 c5 2. Nf3 Nc6 3. d4 cxd4 4.
Nxd4 Nf6 5. Nc3 e5 6. Ndb5 d6 7. Bg5 a6 8. Na3 b5 9. Bxf6 gxf6 10. Nd5 Bg7 11. Be2 Ne7 12. Nxe7 Qxe7 13. O-O f5 14.
exf5 Bxf5 15. c4 O-O 16. cxb5 e4 17. bxa6 Bxb2 18. Nc4 Bxa1 19. Qxa1 Rxa6 20. Ne3 Ra5 21. Qc3 Rc5 22. Qd2 Be6 23. Qd4 Bxa2 24. g3 Qe5 25.
Qa4 Be6 26. Bg4 f5 27. Bh3 f4 28. Bxe6+ Qxe6 29. gxf4 Rxf4 30. Kh1 Rg5 31. Qa8+ Rf8 32.
Qb7 d5 33. Rc1 Qf7 34. Qxf7+ Rxf7 35. Rc8+ Kg7 36. h4 Rh5 37. Kg2 d4 38. Nc4 Rxh4 39. Nd6 Rff4 40. Rc7+ Kg6 41. Ne8 Rfg4+ 42. Kf1 d3 43.
Ke1 Kf5 44. Rf7+ Ke6 45. Ra7 Rg1+ 46. Kd2 Rg2 47. Ng7+ Kf6 48. Ne8+ Ke5 49. Re7+ Kf4 50. Rf7+ Kg4 51. Nf6+ Kh3 52. Ke3 d2 53. Rd7 Rg6 54.
Nxe4 Re6 55. f3 h6 56. Rxd2 Rh5 57. Rd1 Kg2 58. Rd2+ Kf1 59. Rf2+ Ke1 60. Ra2 Rb5 61. Ra1+ 1-0

[Event "Late-Titled-Tuesday-Blitz-February-20-2024"]
[Site "Chess.com"]
[Date "2024.02.20"]
[Round "7"]
[White "Jospem"]
[Black "mbojan"]
[Result "0-1"]
[WhiteElo "3083"]
[BlackElo "2912"]
[TimeControl "180+1"]
[EndTime "15:18:30 PST"]
[Termination "mbojan won on time"]

1. e4 c5 2. Nf3 e6 3. c3 d5 4. e5 d4 5. d3 Nc6 6. g3 Nge7 7. Qe2 Qc7 8. Bg2 Ng6 9. O-O Ncxe5 10. cxd4 Nxf3+ 11. Qxf3 cxd4 12. Nd2 Bd7 13. Qe2 Bc6 14. Bxc6+ Qxc6 15. h4 Bd6 16. h5 Ne7 17. h6 g6 18. Ne4 Nd5 19. Bg5 O-O 20. Rac1 Qd7 21. Bf6 Rfc8 22. Qf3 Bf8 23. Bxd4 f5 24. Nc5 Qf7 25. Qe2 Rc6 26. Nxb7 Rxc1 27. Rxc1 Bxh6 28. Nd6 Qd7 29. Qe5 Bg7 30. Qxg7+ Qxg7 31. Bxg7 Kxg7 32. b3 Kf6 33. d4 Rd8 34. Nb7 Rd7 35. Nc5 Rd6 36. Rc4 Ne7 37. b4 Nd5 38. b5 g5 39. a4 h5 40. a5 h4 41. Nd3 hxg3 42. fxg3 Ne3 43.
Ra4 Nc2 44. b6 axb6 45. a6 Rd8 46. Ne5 Nxd4 47. a7 Ne2+ 48. Kf2 Kxe5 49. a8=Q Rxa8 50. Rxa8 Nd4 51. Rb8 b5 52. Rg8 g4 53. Rd8 Ke4 54. Ke1 e5 55. Kd2 b4 56. Rb8 b3 57. Kc3 f4 58. Re8 fxg3 59. Rg8 Kf4 60. Rf8+ Nf5 61. Rd8 g2 62. Rd1 Ne3 63. Rg1 Kf3 64. Rxg2 Nxg2 65. Kxb3 Nf4 66. Kc3 g3 67. Kc4 g2 68. Kc5 g1=Q+ 69. Kd6 Qd4+ 70. Ke7 e4 71. Kf7 e3 72. Ke7 e2 73. Kf8 e1=Q 74. Kg8 Qe8+ 0-1

[Event "Late-Titled-Tuesday-Blitz-February-20-2024"]
[Site "Chess.com"]
[Date "2024.02.20"]
[Round "7"]
[White "jaskol95"]
[Black "IndianSchoolOfSuffering"]
[Result "1-0"]
[WhiteElo "2598"]
[BlackElo "2429"]
[TimeControl "180+1"]
[EndTime "15:18:40 PST"]
[Termination "jaskol95 won on time"]

1. e4 c5 2. Nf3 d6 3. Bb5+ Nd7 4. a4 Nf6 5. Nc3 g6 6. a5 Bg7 7. O-O O-O 8. a6 bxa6 9. Bxa6 Bxa6 10. Rxa6 Nb8 11.
Ra1 Nc6 12. d3 Nd7 13. Bd2 Rb8 14. b3 e6 15. Ra6 Qc7 16. Qa1 Rb7 17. Qc1 Nb4 18. Ra3 Nb8 19. Na2 N8c6 20. Bh6 Bxh6 21.
Qxh6 f6 22. Qd2 Nxa2 23. Rxa2 Nd4 24. Nxd4 cxd4 25. Ra4 Rc8 26. Rc4 Qb8 27. Rxd4 Rbc7 28.
Rb4 Qa8 29. Rc4 d5 30. Rxc7 Rxc7 31. f3 d4 32. Ra1 Qc8 33. Ra2 Rc3 34. Kf1 Qc7 35.
g3 a5 36. Ke1 e5 37. Kd1 Qc5 38. Qc1 Qb5 39. Qa3 Rc5 40. Qa4 Qb6 41. Rb2 Rb5 42.
Qc4+ Kg7 43. Ra2 Rb4 44. Qd5 Rb5 45. Qd7+ Kh6 46. Ra4 Rc5 47. Qe8 Kg7 48. Qd7+ Kh6 49. Qe7 Rc8 50. h4 Qc6 51. Rc4 Qa6 52. Rxc8 Qxc8 53.
Qxf6 Qc3 54. Qg5+ Kg7 55. Qxe5+ Kh6 56. Qg5+ Kg7 57. Qd2 Qa1+ 58. Ke2 Qg1 59. Qe1 Qh2+ 60. Kd1 Qg2 61. Kc1 Qxf3 62. Qxa5 Qxg3 63. Qc5 Qe1+ 64.
Kb2 Qf2 65. Qe7+ Kh6 66. Qg5+ Kg7 67. Qe5+ Kh6 68. b4 Qg1 69. b5 Qe1 70. Qxd4 Qxh4 71.
b6 Qe7 72. Qc3 g5 73. Qc6+ 1-0

[Event "Late-Titled-Tuesday-Blitz-February-20-2024"]
[Site "Chess.com"]
[Date "2024.02.20"]
[Round "7"]
[White "Ajedrez_con_German"]
[Black "Slovineanu"]
[Result "1/2-1/2"]
[WhiteElo "2629"]
[BlackElo "2451"]
[TimeControl "180+1"]
[EndTime "15:18:47 PST"]
[Termination "Game drawn - insufficient material"]

1. Nf3 Nf6 2. e3 d5 3. b3 e6 4.
Bb2 Be7 5. Be2 O-O 6. O-O b6 7.
c4 Bb7 8. d4 c5 9. Nc3 cxd4 10.
Nxd4 dxc4 11. Bxc4 Nc6 12. Nxc6 Bxc6 13. Qe2 Rc8 14.
Ba6 Rc7 15. Rfd1 Qa8 16. f3 Bb7 17. Bxb7 Qxb7 18. Nb5 Rd7 19. Rxd7 Qxd7 20. Rd1 Qb7 21. e4 Rd8 22. Rxd8+ Bxd8 23. Qd3 Be7 24. g3 h5 25. Kg2 a6 26. Nd4 Bc5 27. Qc4 a5 28. Ne2 Qd7 29. Bd4 Bxd4 30. Qxd4 Qxd4 31. Nxd4 Nd7 32. Kf2 Kf8 33.
Ke3 Ke7 34. f4 Kd6 35. Nf3 f6 36. Kd4 Nc5 37. e5+ Kc6 38. Kc4 b5+ 39. Kd4 a4 40.
b4 Na6 41. a3 Nc7 42. exf6 gxf6 43. Nd2 Nd5 44. Ne4 e5+ 45. fxe5 fxe5+ 46. Kxe5 Ne3 47. Nc3 Nc2 48. Nb1 Ne3 49. h3 Kd7 50. Kd4 Nf5+ 51.
Kc5 Nxg3 52. Kxb5 h4 53. Kxa4 Ne4 54. Kb5 Nf2 55. Nd2 Nxh3 56. Nf3 Nf4 57. Nxh4 Kc7 58. Nf5 Ne6 59. Ne3 Kb7 60. Nd5 Nd4+ 61. Kc4 Nc2 62.
Kb3 Ne1 63. a4 Kc6 64. Nc3 Nd3 65. Kc4 Nb2+ 66. Kd4 Kb6 67. a5+ Ka6 68. Kc5 Nd3+ 69. Kc4 Nb2+ 70. Kb3 Nd3 71. Na4 Ne5 72. Nb2 Nc6 73.
Na4 Nxa5+ 74. Kc3 Nc6 75. Nc5+ Kb5 76. Nd3 Nxb4 1/2-1/2

[Event "Late-Titled-Tuesday-Blitz-February-20-2024"]
[Site "Chess.com"]
[Date "2024.02.20"]
[Round "7"]
[White "Supelyel"]
[Black "tgpgoat"]
[Result "1-0"]
[WhiteElo "2431"]
[BlackElo "2532"]
[TimeControl "180+1"]
[EndTime "15:18:53 PST"]
[Termination "Supelyel won by resignation"]

1. c4 Nf6 2. Nc3 e6 3. Nf3 d5 4. cxd5 exd5 5. d4 Bd6 6. Bg5 O-O 7. Nxd5 Nbd7 8. Nc3 h6 9. Bh4 Re8 10. e3 b6 11. Be2 Bb7 12. O-O Rc8 13. Nb5 Be7 14. Nxa7 Ra8 15. Nb5 Ne4 16. Bg3 Rc8 17. Qc2 c5 18.
dxc5 Nxg3 19. hxg3 Bxc5 20. Qd2 Qe7 21. Rfd1 Nf6 22.
Nd6 Rcd8 23. Nf5 Qf8 24. N5d4 Ne4 25. Qc2 Qe7 26. Bb5 Rf8 27. Re1 Qf6 28. Rad1 Ng5 29.
Nxg5 Qxg5 30. Qf5 Qe7 31. Nc6 Bxc6 32. Bxc6 Rc8 33. Be4 g6 34. Qf3 Qe5 35. Re2 Rcd8 36. Bd5 Kg7 37. Red2 Bb4 38. Rc2 Bc5 39. a3 Be7 40. Rcd2 Bf6 41. Qf4 Qe7 42. Qc4 Rc8 43.
Qb3 Qa7 44. Bc4 Rc5 45. Rd7 Rc7 46. Bb5 Qb8 47. Rxc7 Qxc7 48. Rd7 Qc5 49. Kh2 Qh5+ 50. Kg1 Qc5 51. Bc4 h5 52. Bxf7 Kh6 53. Bd5 Bg7 54.
Qd1 Rf5 55. Be4 Re5 56. Qd3 Re6 57. Rd5 Qc1+ 58. Kh2 Qxb2 59. a4 Qf6 60. f4 Qe7 61.
Bf3 Rxe3 62. Qd2 Re1 63. Rd6 Qe3 64. Qxe3 Rxe3 65. f5 Bd4 66. Rxg6+ Kh7 67. Bxh5 Bc5 68. Bf3 Ra3 69. Kh3 Rxa4 70. Re6 Ra3 71. g4 Kg7 72. g5 Ra4 73. f6+ Kf7 74. Rc6 Ra3 75. Kg4 Ra4+ 76. Kf5 Ke8 77. Bh5+ Kd7 78. Re6 Rf4+ 79.
Kxf4 Kxe6 80. Bg4+ Kf7 81. Kf5 Bf8 82. Bh5+ Kg8 83.
Be8 b5 84. Bxb5 Bc5 85. g6 Bf8 86. g7 Bc5 87. Bc4+ Kh7 88. g8=Q+ 1-0

[Event "Late-Titled-Tuesday-Blitz-February-20-2024"]
[Site "Chess.com"]
[Date "2024.02.20"]
[Round "7"]
[White "VincentKeymer"]
[Black "Sanan_Sjugirov"]
[Result "0-1"]
[WhiteElo "3032"]
[BlackElo "2884"]
[TimeControl "180+1"]
[EndTime "15:18:55 PST"]
[Termination "Sanan_Sjugirov won on time"]

1. Nf3 d5 2. e3 Nf6 3. c4 e6 4. Nc3 Bd6 5. b3 O-O 6. Bb2 Re8 7. Nb5 Be7 8. Be5 Na6 9. Be2 c6 10. Nc3 Nc5 11. Qc2 Ncd7 12. Bg3 Nh5 13. cxd5 exd5 14. Nxd5 Nxg3 15. hxg3 g6 16. Nxe7+ Qxe7 17. Rc1 Nf6 18. Qc5 Qd8 19. d3 Bg4 20. O-O h5 21.
Rfd1 Nd7 22. Qc2 Qe7 23. Nd4 Nf6 24. Bxg4 Nxg4 25. Nf3 Rad8 26. Re1 a6 27. e4 Ne5 28. Re3 Ng4 29. Re2 Ne5 30. Nxe5 Qxe5 31. Re3 Rd4 32. Qc5 Qg7 33. Qb6 Rd7 34. Rd1 Qb2 35. a4 Qc2 36.
Rde1 Ree7 37. e5 Rxd3 38. e6 Rxe3 39. Qd8+ Kg7 40. Rxe3 Qc5 41. exf7 Rxf7 42. Qd2 Qf5 43. Rf3 Qb1+ 44. Kh2 Rxf3 45. gxf3 Qxb3 46. Qd4+ Kf7 47. Qd7+ Kf6 48. Qd8+ Kg7 49. Qd7+ Qf7 50. Qd4+ Kh7 51. Kg2 b5 52. a5 Qb7 53. Qb6 Qc8 54. Qa7+ Kg8 55. Qd4 c5 56. Qd5+ Kg7 57. Qe5+ Kh7 58.
Qe7+ Kg8 59. Qf6 c4 60. Qxg6+ Kf8 61. Qxh5 Ke7 62. Qg5+ Kd6 63. Qf6+ Kc5 64. Qe5+ Kb4 65. Qb2+ Kxa5 66. Qa3+ Kb6 67. Qd6+ Qc6 68. Qd8+ Kb7 69. Qe7+ Kb6 70. Qd8+ Kc5 71. Qe7+ Qd6 72. Qe3+ Kb4 73. Qe1+ c3 74. g4 Kb3 75. Qb1+ Kc4 76. Qe4+ Qd4 77. Qc6+ Kb3 78. Qxa6 b4 79. Qe6+ Kb2 80. g5 c2 81. Qe2 Kb1 0-1